 Dungeon Crawl Stone Soup version 0.32-a0-18-g89e19f1974 (webtiles) character file.

Game seed: 9477167655720199343

643 javaholic the Trooper (level 7, -1/75 HPs)
             Began as an Oni Berserker on Jan 17, 2024.
             Was a Believer of Trog.
             Splashed by a jelly's acid (12 damage)
             ... on level 6 of the Dungeon.
             The game lasted 00:40:27 (3372 turns).

javaholic the Trooper (Oni Berserker)               Turns: 3372, Time: 00:40:34

Health: -1/75      AC: -1    Str: 30    XL:     7   Next: 51%
Magic:  7/7        EV: 10    Int:  8    God:    Trog [**....]
Gold:   193        SH:  0    Dex:  8    Spells: 6/6 levels left

rFire   . . .        g - +0 trident
rCold   . . .        (no shield)
rNeg    . . .        l - +0 robe
rPois   .            (helmet currently unavailable)
rElec   .            (cloak currently unavailable)
rCorr   .            (gloves unavailable)
SInv    .            (boots unavailable)
Will    .....        (no amulet)
Stlth   +            e - +6 ring of strength
HPRegen 0.32/turn    q - ring of flight
MPRegen 0.10/turn

%: no passive effects
@: confused, beast-form, corroded, flying
A: beast (slay +1), large, unfitting armour, horns 1, tough skin 1, double
potion healing, drunken brawling
a: Begin Untransformation, Renounce Religion, Berserk, Trog's Hand


You were on level 6 of the Dungeon.
You worshipped Trog.
Trog was pleased with you.
You were a hulking beast.
You visited 1 branch of the dungeon, and saw 6 of its levels.

You collected 193 gold pieces.

Inventory:

Hand Weapons
 a - a +0 spear
 g - a +0 trident (weapon)
 y - a +0 falchion
Missiles
 t - 2 throwing nets (quivered)
Armour
 b - a +0 animal skin
 f - a +0 ring mail
 l - a +0 robe (worn)
 m - a +0 helmet
 u - a +0 ring mail
 v - a +0 robe
 x - a +0 ring mail
 C - a +2 helmet
 G - a +0 robe
Jewellery
 e - a +6 ring of strength (left hand)
 q - a ring of flight (right hand)
 r - a ring of resist corrosion
 F - a ring of protection from cold
Talismans
 d - a beast talisman (active)
 n - a blade talisman
Scrolls
 h - 2 scrolls of vulnerability {unknown}
 i - 3 scrolls of identify {unknown}
 o - a scroll of poison {unknown}
 p - a scroll of summoning {unknown}
 z - a scroll of fear {unknown}
 B - a scroll of teleportation {unknown}
 D - a scroll of enchant weapon {unknown}
 E - a scroll of enchant armour {unknown}
Potions
 c - 3 potions of heal wounds {unknown}
 j - 6 potions of curing {unknown}
 k - a potion of mutation {unknown}
 s - 2 potions of ambrosia {unknown}
 w - a potion of attraction {unknown}
 A - 2 potions of lignification {unknown}


   Skills:
 + Level 6.0 Fighting
 + Level 5.4 Polearms
 + Level 4.6 Dodging
 + Level 0.9 Stealth
 + Level 2.6 Shapeshifting


You had 6 spell levels left.
You didn't know any spells.
Your spell library contained the following spells:

 Spells                   Type           Power      Damage    Failure   Level
 Fugue of the Fallen      Necr           0%         N/A       78%         3
 Ozocubu's Armour         Ice            0%         N/A       78%         3
 Manifold Assault         Tloc           0%         N/A       99%         4


Dungeon Overview and Level Annotations

Branches:
Dungeon (6/15)             Temple (0/1) D:6

Altars:
Cheibriados
Wu Jian
The Shining One

Shops:
D:1 *


Innate Abilities, Weirdness & Mutations

You are a hulking beast.
Your limbs bulge with bestial killing power. (Slay +1)
You are too large for most types of armour.
You have a pair of small horns on your head.
You have tough skin. (AC +1)
You gain doubled healing and magic from potions.
Whenever you drink a healing potion, you attack all around you.


Message History

The orc wizard shouts!
An orc comes into view. It is wielding a +0 mace.
Things that are here:
a +1 heavy hand axe; an orc corpse You closely miss the orc warrior.
The orc shouts!
The orc warrior hits you with a +0 short sword!
The orc wizard gestures wildly while chanting.
The orc wizard flickers and vanishes!
Deactivating autopickup; reactivate with Ctrl-A.
You hit the orc warrior.
The orc warrior is lightly wounded.
The orc warrior hits you with a +0 short sword!
You completely miss the orc warrior.
The orc warrior is lightly wounded.
The orc warrior hits you with a +0 short sword!
The jelly hits you. The acid corrodes you!
You are splashed with acid!
You hit the orc warrior.
The orc warrior is moderately wounded.
The jelly barely misses you.
You hit the orc warrior.
The orc warrior is heavily wounded.
The orc warrior barely misses you. The jelly hits you.
You are splashed with acid!
You hit the orc warrior.
You headbutt the orc warrior, but do no damage.
The orc warrior is heavily wounded.
The orc warrior barely misses you.
You hear some strange, mumbled words.
You are confused.
The jelly hits you.
You are splashed with acid!
* * * LOW HITPOINT WARNING * * *
You puncture the orc warrior!
The orc warrior is almost dead.
The orc warrior hits you with a +0 short sword.
* * * LOW HITPOINT WARNING * * *
The jelly hits you.
* * * LOW HITPOINT WARNING * * *
You are splashed with acid!
You die...

.....#.####.#.#........8.......8.
.........##..#...................
.#..⌠..#....#....................
##.....##...#############.#.###..
#..#.#..##..# #...# #
..##.##(.##.###### #.### .# ...
#....##...# #.# . ..>..
.⌠.....J.# ##.## ##
...#..h#######...####
#$..o.o.>...........+
#...##.#####.##..)#.## ... ...
#.###....# . ..... #.# #....#
..###. #.# ##...# . .. #.# #..#
## #.# ..# #.. ..#


You could see an orc warrior, a jelly and an orc.

Vanquished Creatures
  Menkaure (D:6)
  3 scorpions
  A hound (D:5)
  2 bombardier beetles
  A jelly (D:5)
  Ijyb (D:5)
  Robin (D:2)
  8 adders
  A shadow imp (D:5)
  3 ufetubi
  4 ribbon worms
  A dart slug (D:1)
  6 orcs
  4 bats
  2 endoplasms
  3 giant cockroaches
  11 goblins
  8 hobgoblins
  10 jackals
  A quokka (D:4)
  4 ball pythons
  2 frilled lizards
  3 kobolds
  5 rats
86 creatures vanquished.

Notes
Turn   | Place    | Note
-------+----------+-------------------------------------------
     0 | D:1      | javaholic the Oni Berserker began the quest for the Orb.
     0 | D:1      | Reached XP level 1. HP: 24/24 MP: 1/1
    86 | D:1      | Found a faded altar of an unknown god.
   143 | D:1      | Found Reottun's General Store.
   146 | D:1      | Reached XP level 2. HP: 29/32 MP: 2/2
   375 | D:1      | Reached XP level 3. HP: 40/40 MP: 3/3
   959 | D:2      | Reached ** piety under Trog
   982 | D:2      | Noticed Robin
   989 | D:2      | Reached skill level 1 in Shapeshifting
  1003 | D:2      | HP: 3/60 [Robin/+0 short sword (2)]
  1004 | D:2      | Killed Robin
  1005 | D:2      | Reached XP level 4. HP: 5/49 MP: 4/4
  1239 | D:3      | You are sucked into a shaft and drop 2 floors!
  1239 | D:5      | Entered Level 5 of the Dungeon
  1268 | D:5      | Noticed a scorpion
  1273 | D:5      | Killed a scorpion
  1274 | D:5      | Reached XP level 5. HP: 54/55 MP: 5/5
  1309 | D:5      | Found a glowing golden altar of the Shining One.
  1379 | D:5      | Reached skill level 5 in Fighting
  1404 | D:5      | Reached XP level 6. HP: 7/66 MP: 6/6
  1456 | D:5      | Noticed Ijyb
  1465 | D:5      | Killed Ijyb
  2264 | D:3      | Found a snail-covered altar of Cheibriados.
  2264 | D:3      | Found an ornate altar of the Wu Jian Council.
  3299 | D:6      | Noticed Menkaure
  3303 | D:6      | Killed Menkaure
  3304 | D:6      | Reached skill level 5 in Polearms
  3304 | D:6      | Reached XP level 7. HP: 74/74 MP: 7/7
  3313 | D:6      | Reached skill level 6 in Fighting
  3316 | D:6      | Found a staircase to the Ecumenical Temple.
  3372 | D:6      | Splashed by a jelly's acid

Illustrated notes

Levels and vault maps discovered:
D:1:      nicolae_arrival_memento_mori, layout_basic, serial_shops, shop,
          hellmonk_ecumenical_altar_blasted
D:2:      layout_basic, hex_large, minmay_hexomino_u4, uniq_robin
D:3:      layout_basic, gammafunk_temple_overflow_wave
D:4:      layout_loops_ring
D:5:      layout_cave_pools, nicolae_tso_carved_into_rock, st_stairs_11,
          minmay_statues_item, uniq_ijyb
D:6:      wad_pebble_path, layout_loops_corners, lemuel_tele_altar,
          minmay_temple_entry_waves, uniq_prince_ribbit1, uniq_menkaure

Skill      XL: |  1  2  3  4  5  6  7 |
---------------+----------------------+-----
Dodging        | 3 4 |  4.6
Shapeshifting  | 1 2 |  2.6
Polearms       | 4 5 |  5.4
Fighting       | 5 6 |  6.0
Stealth        | |  0.9

Action                     |  1- 3 |  4- 6 |  7- 9 || total
---------------------------+-------+-------+-------++-------
  Melee: Spear             |    99 |   128 |       ||   227
         Headbutt          |    12 |    44 |     1 ||    57
         Trident           |       |    55 |    16 ||    71
         Punch             |       |     2 |       ||     2
 Invoke: Berserk           |     2 |     2 |       ||     4
         Trog's Hand       |     1 |     8 |     1 ||    10
Ability: Begin Untransform |       |     1 |       ||     1
    Use: Potion            |       |     1 |       ||     1
         Scroll            |       |     1 |       ||     1
   Stab: Sleeping          |       |     1 |       ||     1
 Armour: Animal skin       |    26 |       |       ||    26
         Robe              |    39 |    91 |    10 ||   140
  Dodge: Dodged            |    54 |    89 |     6 ||   149
   Form: Beast             |     1 |     1 |       ||     2

Table legend: (Time is in decaauts)
 A = Elapsed time spent in this place.
 B = Non-inter-level travel time spent in this place.
 C = Inter-level travel time spent in this place.
 D = Time resting spent in this place.
 E = Time spent auto-exploring this place.
 F = Levels seen in this place.
 G = Mean time per level.
                   A        B        C        D        E       F      G
               +--------+--------+--------+--------+--------+-----+--------+
         Total |   3402 |    702 |   2700 |      0 |      0 |   6 |  567.0 |
       Dungeon |   3402 |    702 |   2700 |      0 |      0 |   6 |  567.0 |
               +--------+--------+--------+--------+--------+-----+--------+

Top non-repeatable levels by time:
     D:1: 902 daAuts
     D:3: 767 daAuts
     D:2: 700 daAuts
     D:4: 535 daAuts
     D:5: 410 daAuts
     D:6: 87 daAuts
